 Dungeon Crawl Stone Soup version 0.29-a0-878-g7b45a56547 (webtiles) character file.

Game seed: 9352661320151662762

1762 buhh the Cleaver (level 9, -6/112 HPs)
             Began as a Meteoran Fighter on July 19, 2022.
             Was a Believer of Okawaru.
             Mangled by an orc warrior
             ... wielding a +0 war axe
              (14 damage)
             ... on level 7 of the Dungeon.
             The game lasted 00:07:39 (3004 turns).

buhh the Cleaver (Meteoran Fighter)                 Turns: 3004, Time: 00:07:40

Health: -6/112     AC: 10    Str: 21    XL:     9   Next: 52%
Magic:  10/10      EV:  8    Int: 11    God:    Okawaru [**....]
Gold:   236        SH:  9    Dex: 14    Spells: 8/8 levels left

rFire   . . .      SeeInvis .   j - +0 war axe
rCold   . . .      Faith    .   m - +0 kite shield
rNeg    . . .      Spirit   .   b - +0 scale mail
rPois   .          Reflect  .   C - +0 helmet
rElec   .          Harm     .   A - +0 cloak
rCorr   .          Rampage  .   (no gloves)
Will    +....                   B - +0 pair of boots
Stlth   ..........              k - amulet of the acrobat
HPRegen 0.28/turn               (no ring)
MPRegen 0.12/turn               (no ring)

@: berserking, flying, glowing, very quick
A: sense surroundings 2, otherworldly, glowing, explore regen
a: Renounce Religion, Heroism


You were on level 7 of the Dungeon.
You worshipped Okawaru.
Okawaru was pleased with you.
You visited 2 branches of the dungeon, and saw 8 of its levels.

You collected 236 gold pieces.

Inventory:

Hand Weapons
 j - a +0 war axe (weapon)
Missiles
 t - 9 poisoned darts (quivered)
 y - 6 curare-tipped darts
Armour
 b - a +0 scale mail (worn)
 h - a +0 leather armour of cold resistance
 m - a +0 kite shield (worn)
 o - a +1 buckler
 A - a +0 cloak (worn)
 B - a +0 pair of boots (worn)
 C - a +0 helmet (worn)
Jewellery
 k - an amulet of the acrobat (around neck)
 v - an amulet of magic regeneration
Wands
 E - a wand of flame (9)
 G - a wand of light (8)
Scrolls
 a - 2 scrolls of noise
 c - 2 scrolls of teleportation {!d!d}
 d - 2 scrolls of magic mapping {!d}
 f - a scroll of fog
 g - 3 scrolls of amnesia
 l - 2 scrolls of immolation {!r}
 s - a scroll of vulnerability
 H - a scroll of enchant weapon {unknown}
Potions
 i - a potion of haste {unknown}
 n - 2 potions of degeneration {unknown}
 p - 2 potions of curing {unknown}
 q - 2 potions of heal wounds {unknown}
 r - a potion of brilliance {unknown}
 w - 2 potions of mutation {unknown}
 x - 2 potions of attraction {unknown}
 z - a potion of berserk rage {!q}
 D - a potion of resistance {unknown}
 F - 2 potions of lignification {unknown}
 Z - 2 potions of flight


   Skills:
 * Level 5.7 Fighting
 * Level 11.8 Axes
 - Level 4.4 Armour
 * Level 5.4 Shields


You had 8 spell levels left.
You didn't know any spells.
Your spell library contained the following spells:

 Spells                   Type           Power      Damage    Failure   Level
 Apportation              Tloc           0%         N/A       95%         1
 Necrotise                Necr           0%         1d4       95%         1
 Dazzling Flash           Conj/Hex       0%         N/A       100%        3
 Vampiric Draining        Necr           0%         2d6       100%        3
 Agony                    Necr           0%         N/A       100%        5
 Silence                  Hex/Air        0%         N/A       100%        5
 Summon Small Mammal      Summ           Unusable   N/A       N/A         1

Dungeon Overview and Level Annotations

Branches:
Dungeon (7/15) Zot: 1192   Temple (1/1) D:4 Zot: 506

Altars:
Cheibriados
Dithmenos
Elyvilon
Fedhas
Gozag
Hepliaklqana
Kikubaaqudgha
Makhleb
Nemelex Xobeh
Okawaru
Qazlal
Zin
The Shining One


Innate Abilities, Weirdness & Mutations

You passively map the area around you.
You are easily found by Zot.
You glow in the dark.
You regain HP and MP as you explore.


Message History

* * * LOW HITPOINT WARNING * * *
You feel sick.
The orc priest shouts!
The orc priest looks satisfied for a moment.
You feel sick.
You feel sick.
An orc comes into view. It is wielding a +0 flail.
You feel sick. The orc warrior completely misses you.
Okay, then.
It was a potion of flight.
You feel very buoyant.
You fly up into the air.
Z - 2 potions of flight You feel sick.
You are no longer poisoned.
You block the orc warrior's attack.
It was a potion of berserk rage.
A red film seems to cover your vision as you go berserk!
You feel yourself moving faster!
You feel mighty!
z - a potion of berserk rage;
a - 2 scrolls of noise The killer bee seems to regain its courage.
The killer bee stings you but does no damage.
You block the orc warrior's attack.
You slash the killer bee!
The killer bee is severely wounded.
You slash the orc warrior! You slash the orc!
You kill the orc!
Okawaru accepts your kill. The killer bee barely misses you.
The orc warrior hits you with a +0 war axe.
* * * LOW HITPOINT WARNING * * *
You block the killer bee's attack.
You hit the killer bee.
You kill the killer bee!
Okawaru accepts your kill.
You slash the orc warrior! You barely miss the orc warrior.
The orc warrior is severely wounded.
The orc warrior hits you with a +0 war axe!
You die...

, #...##.... , *
##.##*.... ,##..*
** *.$..#.... ,
#..,,, , * ,
,.........,, ... ,
, , ,......o##
..., , , ,
........# #.## , *
, , , ........#
#..*,,, ** ,
,........###)# , ,
, , ,
.........##@# ,, ,
, , .......<.#on#
* ,, * *,
,.##.......o.####,
** , , *
#.......#....... ,
, *
##.###.##$......
,, * #.*
#..#....... , * *#
#n##.......* * , ,
*, * ##..........
* , * ,
#.†........#


You could see an orc warrior, a necrophage and an orc priest.

Vanquished Creatures
  Grinder (D:6)
  A water moccasin (D:6)
  An ice beast (D:6)
  Pargi (D:3)
  An ogre (D:6)
  2 phantoms
  2 bullfrogs (D:6)
  2 necrophages
  2 scorpions
  3 killer bees (D:7)
  A howler monkey (D:4)
  3 hounds
  4 orc priests
  4 iguanas
  Terence (D:3)
  An orc wizard (D:4)
  6 adders
  A white imp (D:5)
  2 worms
  2 dart slugs
  10 orcs
  5 ball pythons
  5 bats
  5 endoplasms
  4 giant cockroaches
  2 goblins
  8 hobgoblins
  8 quokkas
  4 frilled lizards
  8 kobolds
  12 rats
112 creatures vanquished.

Notes
Turn   | Place    | Note
-------+----------+-------------------------------------------
     0 | D:1      | buhh the Meteoran Fighter began the quest for the Orb.
     0 | D:1      | Reached XP level 1. HP: 19/19 MP: 2/2
    51 | D:1      | Reached XP level 2. HP: 10/26 MP: 3/3
    90 | D:1      | Found a faded altar of an unknown god.
   182 | D:1      | Reached XP level 3. HP: 31/31 MP: 4/4
   488 | D:2      | Reached skill level 3 in Axes
   644 | D:2      | Reached XP level 4. HP: 40/40 MP: 5/5
  1038 | D:3      | Noticed Terence
  1049 | D:3      | Killed Terence
  1050 | D:3      | Reached XP level 5. HP: 40/46 MP: 6/6
  1248 | D:3      | Noticed Pargi
  1259 | D:3      | Killed Pargi
  1260 | D:3      | Reached skill level 4 in Axes
  1260 | D:3      | Reached XP level 6. HP: 24/53 MP: 7/7
  1291 | D:3      | Found an ancient bone altar of Kikubaaqudgha.
  1416 | D:3      | Found a hazy altar of Hepliaklqana.
  1498 | D:4      | Reached skill level 5 in Fighting
  1498 | D:4      | Reached skill level 5 in Axes
  1513 | D:4      | Reached XP level 7. HP: 24/59 MP: 8/8
  1522 | D:4      | Reached skill level 6 in Axes
  1631 | D:4      | Reached skill level 7 in Axes
  1653 | D:4      | Found a snail-covered altar of Cheibriados.
  1654 | D:4      | Found a shadowy altar of Dithmenos.
  1782 | D:4      | Found a staircase to the Ecumenical Temple.
  1787 | Temple   | Entered the Ecumenical Temple
  1858 | Temple   | Became a worshipper of Warmaster Okawaru
  2166 | D:5      | Entered Level 5 of the Dungeon
  2257 | D:5      | Reached XP level 8. HP: 68/68 MP: 9/9
  2277 | D:5      | Reached skill level 8 in Axes
  2434 | D:5      | Reached skill level 9 in Axes
  2668 | D:6      | Reached * piety under Okawaru
  2669 | D:6      | Reached skill level 10 in Axes
  2795 | D:6      | Gained mutation: You passively map the area around you.
                  | [Meteoran growth]
  2795 | D:6      | Reached XP level 9. HP: 46/74 MP: 10/10
  2811 | D:6      | Reached skill level 11 in Axes
  2894 | D:6      | Noticed Grinder
  2917 | D:6      | Killed Grinder
  2917 | D:6      | Reached ** piety under Okawaru
  2918 | D:6      | Reached skill level 5 in Shields
  3004 | D:7      | Mangled by an orc warrior

Illustrated notes

Levels and vault maps discovered:
D:1:      dpeg_arrival_stonehenge_8_columns, layout_basic,
          dreamdust_ecumenical_altar_statues
D:2:      layout_rooms
D:3:      layout_basic, marbit_many_paths, nicolae_hepliaklqana_hippocampus,
          serial_rivers, chequers_serial_rivers_micro_d,
          chequers_serial_rivers_micro_a, chequers_serial_rivers_small_b,
          chequers_serial_rivers_small_b, chequers_serial_rivers_micro_b,
          chequers_serial_rivers_small_b, uniq_pargi, uniq_terence
D:4:      layout_rooms, nicolae_overflow_squiral, temple_statues,
          nicolae_zen_rock_garden
D:5:      layout_rooms
D:6:      layout_basic, uniq_grinder
D:7:      layout_cave_pools, minivault_27
Temple:   bh_familiar_temple

Skill      XL: |  1  2  3  4  5  6  7  8  9 |
---------------+----------------------------+-----
Armour         | 4 |  4.4
Shields        | 4 5 |  5.4
Axes           | 3 4 5 7 10 11 | 11.8
Fighting       | 4 5 |  5.7

Action                   |  1- 3 |  4- 6 |  7- 9 || total
-------------------------+-------+-------+-------++-------
Melee: War axe           |    79 |    84 |   224 ||   387
Evoke: Wand              |       |       |     5 ||     5
  Use: Scroll            |       |     4 |     7 ||    11
       Potion            |       |     1 |     3 ||     4
Armor: Scale mail        |    62 |    41 |    91 ||   194
Dodge: Dodged            |    39 |    38 |    79 ||   156
Block: Buckler           |    24 |    26 |    50 ||   100
       Kite shield       |       |       |    18 ||    18

Table legend: (Time is in decaauts)
 A = Elapsed time spent in this place.
 B = Non-inter-level travel time spent in this place.
 C = Inter-level travel time spent in this place.
 D = Time resting spent in this place.
 E = Time spent auto-exploring this place.
 F = Levels seen in this place.
 G = Mean time per level.
                   A        B        C        D        E       F      G
               +--------+--------+--------+--------+--------+-----+--------+
         Total |   3100 |   2801 |    299 |      0 |   1459 |   8 |  387.5 |
       Dungeon |   3006 |   2742 |    264 |      0 |   1404 |   7 |  429.4 |
        Temple |     93 |     58 |     35 |      0 |     55 |   1 |   93.0 |
               +--------+--------+--------+--------+--------+-----+--------+

Top non-repeatable levels by time:
     D:4: 672 daAuts
     D:3: 583 daAuts
     D:1: 491 daAuts
     D:2: 454 daAuts
     D:5: 386 daAuts
     D:6: 379 daAuts
  Temple: 93 daAuts
     D:7: 38 daAuts
